 Dungeon Crawl Stone Soup version 0.31-a0-1467-g53b6572822 (webtiles) character file.

Game seed: 3511381164349048269

4467 mopl the Grappler (level 10, -5/72 HPs)
             Began as a Djinni Shapeshifter on Dec 28, 2023.
             Was an Elder of Uskayaw.
             Slain by a yak (16 damage)
             ... on level 8 of the Dungeon.
             The game lasted 00:12:24 (7667 turns).

mopl the Grappler (Djinni Shapeshifter)             Turns: 7667, Time: 00:12:25

Health: -5/72      AC:  5    Str: 17    XL:     10   Next: 64%
Gold:   468        EV: 14    Int: 12    God:    Uskayaw [****..] SH:  0 Dex: 13

rFire   + +          .
                       - Unarmed
rCold   x . .        (no shield)
rNeg    . . .        z - +0 steam dragon scales
rPois   ∞            (helmet currently unavailable)
rElec   .            (cloak currently unavailable)
rCorr   .            (gloves currently unavailable)
SInv    .            (boots unavailable)
Will    +....        s - amulet of the acrobat
Stlth   +            (no ring)
HPRegen 0.32/turn    (no ring)
MPRegen 0.00/turn

%: acrobat, infuse magic (-6 HP)
@: beast-form, flying
A: beast (slay +4), flying, sickness immunity, fire resistance 2, cold
vulnerability 1, float, innate caster, HP casting, extra vitality 1
a: Begin Untransformation, Renounce Religion, Stomp, Line Pass


You were on level 8 of the Dungeon.
You worshipped Uskayaw.
Uskayaw was noncommittal.
You were a hulking beast.
You visited 2 branches of the dungeon, and saw 9 of its levels.
You also visited: Bailey.

You collected 468 gold pieces.

Inventory:

Hand Weapons
 g - a +0 short sword of venom
 i - a +0 halberd
Missiles
 l - 41 poisoned darts
 u - 21 boomerangs
 D - 10 curare-tipped darts
 E - 8 datura-tipped darts
 G - 6 atropa-tipped darts
 H - 4 javelins
Armour
 e - a +1 pair of gloves
 t - a +0 cloak
 z - +0 steam dragon scales (worn)
Jewellery
 j - a ring of fire
 s - an amulet of the acrobat (around neck)
Talismans
 c - a beast talisman
 d - a flux talisman
Wands
 n - a wand of flame (9)
 v - a wand of iceblast (8)
 F - a wand of charming (10)
Scrolls
 a - a scroll of silence {unknown}
 h - a scroll of poison {unknown}
 m - 5 scrolls of teleportation {unknown}
 q - a scroll of vulnerability {unknown}
 r - a scroll of noise {unknown}
 w - a scroll of amnesia {unknown}
 y - 2 scrolls of fear {unknown}
 A - a scroll of fog {unknown}
 C - a scroll of enchant weapon {unknown}
Potions
 b - 2 potions of mutation {!q}
 f - a potion of enlightenment
 k - a potion of curing
 o - a potion of ambrosia
 p - a potion of invisibility
 B - a potion of berserk rage {unknown}
Miscellaneous
 x - a condenser vane


   Skills:
 + Level 5.8 Fighting
 + Level 5.9 Dodging
 * Level 8.8 Unarmed Combat
 + Level 4.5 Invocations
 + Level 1.2 Evocations
 * Level 7.4 Shapeshifting


You knew the following spells:

 Your Spells              Type           Power      Damage    Failure   Level
a - Kiss of Death         Conj/Necr      0%         2d5       32%         1
b - Scorch                Fire           0%         2d5       45%         2
c - Frozen Ramparts       Ice            0%         1d1       69%         3
d - Vhi's Electric Charg  Tloc/Air       0%         N/A       97%         4
Your spell library was empty.

Dungeon Overview and Level Annotations

Branches:
Dungeon (8/15)             Temple (1/1) D:4          Bailey (visited)
   Lair: D:8-11

Altars:
Ashenzari
Cheibriados
Dithmenos
Elyvilon
Fedhas
Gozag
Hepliaklqana
Makhleb
Nemelex Xobeh
Okawaru
Qazlal
Ru
Trog
Uskayaw
Wu Jian
Yredelemnul
Zin
The Shining One


Innate Abilities, Weirdness & Mutations

You are a hulking beast.
Your limbs bulge with bestial killing power. (Slay +4)
You are flying.
You are immune to sickness and miasma.
You are immune to poison.
Your flesh is very heat resistant. (rF++)
You are vulnerable to cold. (rC-)
You float through the air rather than walking.
You learn spells naturally, not from books.
Your magical power is your life essence.
You have superior vitality. (+4 MHP)


Message History

Uskayaw will force your foes to helplessly watch your dance.
Uskayaw prepares the audience for your solo!
The helpless yak fails to defend itself.
You hit the yak.
The yak is almost dead.
The yak is no longer paralysed.
The yak closely misses you.
You barely miss the yak.
The yak is almost dead.
The yak is no longer paralysed. x3; The yak gores you!
You hit the yak.
The yak is almost dead.
The yak gores you! The yak closely misses you.
You are too injured to fight recklessly!
A centaur comes into view.
The centaur shouts!
The centaur wields a +0 orcbow.
The centaur shoots an arrow.
The arrow misses you. The yak misses you. The yak attacks as it pursues you!
The yak gores you! The yak completely misses you.
The centaur shoots an arrow.
The arrow completely misses you.
You hit the yak.
You kill the yak!
You punch the yak!
The yak is moderately wounded.
The yak gores you!
* * * LOW HITPOINT WARNING * * *
Uskayaw will force your foes to share their pain.
Uskayaw links your audience in an emotional bond!
You feel better. The yak gores you but does no damage.
You hit the yak.
The yak is moderately wounded.
You barely miss the yak.
The yak is moderately wounded.
The yak gores you!
* * * LOW HITPOINT WARNING * * *
You punch the yak!
You kill the yak!
The yak is almost dead.
The yak is no longer sharing its pain. x3; The yak gores you!
You die...

## ## ##. .#
..#.# ## ... ...
#.# .... #h#
.....##Y###
.......YY.######
.....##.#.......
..c. ##.#......$
##. #..........
# #..........
#.<........
####.......


You could see 3 yaks.

Vanquished Creatures
  Maggie (D:6)
  Grinder (D:5)
  A wyvern (D:7)
  2 yaks (D:8)
  Edmund (D:6)
  Duvessa (D:5)
  3 black bears
  2 orc warriors (Bailey)
  An ice beast (D:7)
  A sky beast (D:7)
  4 ogres
  2 centaurs
  7 kobold brigands
  Blork the orc (D:5)
  3 bullfrogs (D:7)
  A scorpion (D:4)
  5 wights (D:6)
  Dowan (D:5)
  4 howler monkeys
  6 bombardier beetles
  2 hounds (D:5)
  A jelly (D:4)
  2 gnoll boudas
  3 orc priests
  A sleepcap (D:5)
  8 iguanas
  6 orc wizards
  10 adders
  7 gnolls
  3 shadow imps (D:6)
  A white imp (D:6)
  2 ufetubi (D:5)
  2 worms
  3 dart slugs
  25 orcs
  8 endoplasms
  3 giant cockroaches
  10 goblins
  7 hobgoblins
  10 jackals
  4 quokkas
  3 ball pythons
  7 bats
  3 frilled lizards
  22 kobolds
  4 rats
205 creatures vanquished.

Notes
Turn   | Place    | Note
-------+----------+-------------------------------------------
     0 | D:1      | mopl the Djinni Shapeshifter began the quest for the Orb.
     0 | D:1      | Reached XP level 1. HP: 17/17 MP: 0/0
   120 | D:1      | Reached XP level 2. HP: 10/22 MP: 0/0
   167 | D:1      | Reached skill level 3 in Shapeshifting
   188 | D:1      | Reached XP level 3. HP: 23/27 MP: 0/0
   188 | D:1      | Learned a level 1 spell: Kiss of Death
   190 | D:1      | You are sucked into a shaft and drop 1 floor!
   847 | D:2      | Reached XP level 4. HP: 29/33 MP: 0/0
  1379 | D:2      | Reached skill level 2 in Fighting
  1379 | D:2      | Reached skill level 4 in Unarmed Combat
  1554 | D:3      | Reached XP level 5. HP: 38/38 MP: 0/0
  1554 | D:3      | Learned a level 2 spell: Scorch
  1835 | D:3      | Noticed a black bear
  1851 | D:3      | Killed a black bear
  1852 | D:3      | Reached skill level 4 in Shapeshifting
  1852 | D:3      | Reached XP level 6. HP: 4/45 MP: 0/0
  2252 | D:3      | Reached skill level 5 in Unarmed Combat
  2494 | D:4      | Noticed an ogre
  2512 | D:4      | Killed an ogre
  2513 | D:4      | Reached skill level 3 in Fighting
  2513 | D:4      | Reached XP level 7. HP: 48/50 MP: 0/0
  2513 | D:4      | Learned a level 3 spell: Frozen Ramparts
  2797 | D:4      | Found a staircase to the Ecumenical Temple.
  2834 | Temple   | Entered the Ecumenical Temple
  2850 | Temple   | Became a worshipper of Uskayaw the Reveller
  2959 | D:4      | Reached * piety under Uskayaw
  3060 | D:4      | Reached ** piety under Uskayaw
  3121 | D:4      | Reached skill level 3 in Dodging
  3370 | D:5      | Entered Level 5 of the Dungeon
  3421 | D:5      | Reached skill level 5 in Shapeshifting
  3421 | D:5      | Reached XP level 8. HP: 17/56 MP: 0/0
  3421 | D:5      | Reached *** piety under Uskayaw
  3423 | D:5      | Reached skill level 1 in Invocations
  3653 | D:5      | Reached skill level 6 in Unarmed Combat
  3654 | D:5      | Reached **** piety under Uskayaw
  3661 | D:5      | Reached ***** piety under Uskayaw
  3868 | D:5      | Noticed Dowan
  3875 | D:5      | Noticed Duvessa
  4027 | D:5      | Killed Dowan
  4103 | D:5      | Reached skill level 4 in Fighting
  4122 | D:5      | Reached skill level 2 in Invocations
  4150 | D:5      | Noticed Blork the orc
  4158 | D:5      | Noticed Grinder
  4163 | D:5      | Killed Blork the orc
  4299 | D:5      | Killed Grinder
  4300 | D:5      | Reached skill level 4 in Dodging
  4300 | D:5      | Reached XP level 9. HP: 33/62 MP: 0/0
  4300 | D:5      | Learned a level 4 spell: Vhi's Electric Charge
  4331 | D:5      | Killed Duvessa
  4364 | D:5      | Reached skill level 7 in Unarmed Combat
  4465 | D:5      | Reached skill level 6 in Shapeshifting
  4782 | D:6      | Noticed Maggie
  4831 | D:6      | Killed Maggie
  4832 | D:6      | Reached skill level 3 in Invocations
  5072 | D:6      | Noticed Edmund
  5151 | D:6      | Killed Edmund
  5388 | D:6      | Reached skill level 5 in Fighting
  5396 | D:6      | Reached skill level 5 in Dodging
  5848 | D:6      | Found a white marble altar of Elyvilon.
  5876 | D:6      | Found an iron altar of Okawaru.
  5972 | D:6      | Reached XP level 10. HP: 32/70 MP: 0/0
  6124 | D:6      | Reached skill level 8 in Unarmed Combat
  6553 | D:7      | Found a flagged portal.
  6570 | Bailey   | Entered a bailey
  6606 | Bailey   | Reached skill level 7 in Shapeshifting
  6746 | Bailey   | Reached skill level 4 in Invocations
  6789 | Bailey   | Found a burning altar of Makhleb.
  7306 | D:7      | Reached skill level 1 in Evocations
  7667 | D:8      | Slain by a yak

Illustrated notes

Levels and vault maps discovered:
D:1:      denvon_arrival_hothouse, layout_basic, minivault_24,
          dreamdust_mushroom_princess
D:2:      layout_basic
D:3:      layout_basic
D:4:      layout_loops_ring, minmay_temple_entry_arrows
D:5:      layout_cave_pools, st_stairs_8, fountainhead,
          kennysheep_generic_room_10, uniq_grinder, uniq_duvessa,
          uniq_blork_the_orc
D:6:      layout_basic, mainiacjoe_overflow_two_lobes,
          serial_library_hellmonk_semicircle, uniq_maggie, uniq_edmund
D:7:      layout_gridville, enter_bailey_3, wad_floor_pattern_untrapped
D:8:      layout_loops_ring, old_standard_altar,
          mainiacjoe_overflow_concentric_impassable
Temple:   nicolae_temple_bog_church

Skill      XL: |  1  2  3  4  5  6  7  8  9 10 |
---------------+-------------------------------+-----
Shapeshifting  | 3 4 5 6 7 |  7.4
Fighting       | 2 3 4 5 |  5.8
Unarmed Combat | 4 5 6 7 8 |  8.8
Dodging        | 3 4 5 |  5.9
Invocations    | 2 3 4 |  4.5
Evocations     | 1 |  1.2

Action                     |  1- 3 |  4- 6 |  7- 9 | 10-12 || total
---------------------------+-------+-------+-------+-------++-------
  Melee: Unarmed           |   101 |   139 |   382 |   152 ||   774
         Punch             |     2 |     2 |    13 |     6 ||    23
 Invoke: Line Pass         |       |       |     1 |       ||     1
  Evoke: Wand              |       |       |     8 |       ||     8
    Use: Potion            |       |     2 |     2 |     2 ||     6
         Scroll            |       |       |     7 |     1 ||     8
   Stab: Paralysed         |       |       |    13 |    12 ||    25
         Sleeping          |       |       |       |     1 ||     1
 Armour: Ring mail         |    57 |    69 |   161 |       ||   287
         Animal skin       |     5 |       |       |       ||     5
         Skin              |       |    22 |     5 |    10 ||    37
         Steam dragon scal |       |       |    33 |    76 ||   109
  Dodge: Dodged            |    64 |    50 |   229 |   115 ||   458

Table legend: (Time is in decaauts)
 A = Elapsed time spent in this place.
 B = Non-inter-level travel time spent in this place.
 C = Inter-level travel time spent in this place.
 D = Time resting spent in this place.
 E = Time spent auto-exploring this place.
 F = Levels seen in this place.
 G = Mean time per level.
                   A        B        C        D        E       F      G
               +--------+--------+--------+--------+--------+-----+--------+
         Total |   7584 |   7364 |    220 |   1952 |   3380 |  10 |  758.4 |
       Dungeon |   7165 |   6976 |    189 |   1757 |   3371 |   8 |  895.6 |
        Temple |     32 |      1 |     31 |      0 |      0 |   1 |   32.0 |
        Bailey |    385 |    385 |      0 |    195 |      9 |   1 |  385.0 |
               +--------+--------+--------+--------+--------+-----+--------+

Top non-repeatable levels by time:
     D:6: 1762 daAuts
     D:5: 1110 daAuts
     D:3: 1078 daAuts
     D:4: 964 daAuts
     D:7: 751 daAuts
     D:1: 750 daAuts
     D:2: 725 daAuts
  Bailey: 385 daAuts
  Temple: 32 daAuts
     D:8: 22 daAuts
